 Dungeon Crawl Stone Soup version 0.19.0-2-gae57169 (webtiles) character file.

114 HungrySpirit the Chopper (level 4, 0/42 HPs)
             Began as a Minotaur Berserker on Nov 6, 2016.
             Was a Follower of the Shining One.
             Slain by a polar bear (10 damage)
             ... created by the rage of Trog
             ... on level 3 of the Dungeon.
             The game lasted 00:02:42 (2404 turns).

HungrySpirit the Chopper (Minotaur Berserker)       Turns: 2404, Time: 00:02:43

Health: 0/42       AC:  6    Str: 21 (22) XL:     4   Next: 66%
Magic:  3/3        EV: 11    Int:  4      God:    the Shining One [*.....]
Gold:   102        SH:  0    Dex: 10      Spells: 0 memorised, 3 levels left

rFire  . . .     SeeInvis .     a - +0 hand axe
rCold  . . .     Gourm    .     e - +2 leather armour {MR+}
rNeg   . . .     Faith    .     (no shield)
rPois  .         Spirit   .     (helmet restricted)
rElec  .         Reflect  .     (no cloak)
rCorr  .         Harm     .     r - +0 pair of gloves
MR     +....                    (no boots)
Stlth  +.........               (no amulet)
                                (no ring)
                                (no ring)

@: glowing, drained
A: retaliatory headbutt, horns 2
a: Renounce Religion


You were on level 3 of the Dungeon.
You worshipped the Shining One.
The Shining One was aware of your devotion.
You were near starving.

You visited 1 branch of the dungeon, and saw 3 of its levels.

You collected 102 gold pieces.

Inventory:

Hand Weapons
 a - a +0 hand axe (weapon)
Armour
 e - a +2 leather armour of magic resistance (worn)
 r - a +0 pair of gloves (worn)
Jewellery
 s - an uncursed ring of protection from fire {unknown}
Scrolls
 d - 3 scrolls of remove curse {unknown}
 h - a scroll of blinking {unknown}
 i - a scroll of recharging {unknown}
 n - a scroll of teleportation {unknown}
 o - a scroll of enchant weapon {unknown}
 p - 2 scrolls of identify {unknown}
 q - 2 scrolls of amnesia {unknown}
Potions
 b - a potion of might
 g - 2 potions of curing {unknown}
 k - 2 potions of degeneration {unknown}
 l - a potion of lignification {unknown}
 m - 2 potions of haste {unknown}
Comestibles
 c - a bread ration
 f - a beef jerky
 j - 2 slices of pizza
 t - a fruit


   Skills:
 + Level 5.0(4.4) Fighting
 * Level 5.6(5.1) Axes
 - Level 2.4(1.9) Armour
 - Level 2.1(1.7) Dodging


You had 3 spell levels left.
You didn't know any spells.

Dungeon Overview and Level Annotations

Branches:
Dungeon (3/15)

Altars:
Zin
The Shining One


Innate Abilities, Weirdness & Mutations

You reflexively headbutt those who attack you in melee.
You have a pair of horns on your head.


Message History

No target in view!
No target in view!
You now have 102 gold pieces (gained 12).
Trog sends monsters to punish you. 5 polar bears come into view.
There are monsters nearby!
There are monsters nearby!
There are monsters nearby!
There are monsters nearby!
The polar bear bites you!!
Ouch! That really hurt!
The polar bear closely misses you.
The polar bear claws you but does no damage.
The polar bear rages. x2
The polar bear bites you!
* * * LOW HITPOINT WARNING * * *
The polar bear closely misses you.
The polar bear claws you but does no damage.
The polar bear bites you!
You die...

#...........# #.....##.
......#..(...###
#.#..)...
..).....###..).###....)..
##.>..# ##.#..#......#
#.... ####..#........#
.###. #........([....#
#...###.##.#)....#
....####..#.#.....#
.#.......@h.#.....#
#.#..#...h.h.....#..
#....###h.......#
.......# ##......##
.......# ##.....#
##..#..# #......# ...##..
.....#.# <.. ...
######..# .#


You could see 4 polar bears.

Vanquished Creatures
  An orc priest (D:3)
  4 adders
  A leopard gecko (D:3)
  3 orcs (D:3)
  A giant cockroach (D:1)
  6 goblins
  7 hobgoblins
  8 kobolds
  5 bats
  2 frilled lizards
  7 rats
45 creatures vanquished.

Notes
Turn   | Place    | Note
-------+----------+-------------------------------------------
     0 | D:1      | HungrySpirit the Minotaur Berserker began the quest for the Orb.
     0 | D:1      | Reached XP level 1. HP: 19/19 MP: 0/0
   151 | D:1      | Reached XP level 2. HP: 27/27 MP: 1/1
   505 | D:2      | Reached XP level 3. HP: 22/34 MP: 2/2
   551 | D:2      | Reached ** piety under Trog
  1276 | D:2      | Found a faded altar of an unknown god.
  1276 | D:2      | Found a faded altar of an unknown god.
  1281 | D:2      | Found a faded altar of an unknown god.
  1283 | D:2      | Found a glowing silver altar of Zin.
  1284 | D:2      | Found a faded altar of an unknown god.
  1288 | D:2      | Fell from the grace of Trog
  1288 | D:2      | Became a worshipper of the Shining One
  1288 | D:2      | Reached * piety under the Shining One
  1433 | D:3      | Reached skill level 5 in Axes
  1689 | D:3      | Reached XP level 4. HP: 3/41 MP: 3/3
  1896 | D:3      | HP: 2/41 [burnt (1)]
  2144 | D:3      | Reached skill level 5 in Fighting
  2399 | D:3      | Noticed a polar bear
  2399 | D:3      | Noticed a polar bear
  2399 | D:3      | Noticed a polar bear
  2399 | D:3      | Noticed a polar bear
  2399 | D:3      | Noticed a polar bear
  2404 | D:3      | Slain by a polar bear

Skill      XL: |  1  2  3  4 |
---------------+-------------+-----
Axes           | 4 5 |  5.6
Fighting       | 4 5 |  5.0
Armour         | |  2.4
Dodging        | |  2.1

Action                   |  1- 3 |  4- 6 || total
-------------------------+-------+-------++-------
Melee: Hand axe          |    77 |    16 ||    93
       Headbutt          |    10 |     1 ||    11
  Use: Potion            |       |     1 ||     1
  Eat: Chunk             |     2 |     1 ||     3
Armor: Leather armour    |    25 |     7 ||    32
Dodge: Dodged            |    47 |    14 ||    61
